 Dungeon Crawl Stone Soup version 0.26-a0-576-gcfaa98f945 (webtiles) character file.

Game seed: 11957781404391481018

16544 CovertPenguin the Transmogrifier (level 12, 0/96 HPs)
             Began as a Pale Draconian Transmuter on Aug 20, 2020.
             Was an Elder of Makhleb.
             Shot with an arrow by Nessos (30 damage)
             ... on level 12 of the Dungeon on Aug 22, 2020.
             The game lasted 01:00:21 (17212 turns).

CovertPenguin the Transmogrifier (DrTm)            Turns: 17212, Time: 01:00:21

Health: 0/96       AC:  2    Str: 14    XL:     12   Next: 11%
Magic:  12/19      EV: 23    Int: 15    God:    Makhleb [****..]
Gold:   647        SH:  0    Dex: 19    Spells: 1/21 levels left

rFire    . . .     SeeInvis .     - Unarmed
rCold    . . .     Faith    .   (shield currently unavailable)
rNeg     . . .     Spirit   .   (armour unavailable)
rPois    .         Reflect  .   (helmet currently unavailable)
rElec    .         Harm     .   (cloak currently unavailable)
rCorr    .                      (gloves currently unavailable)
MR       .....                  (boots currently unavailable)
Stlth    ++........             e - amulet of regeneration
HPRegen  0.66/turn              I - ring of poison resistance
MPRegen  0.16/turn              y - +4 ring of evasion

@: lethally poisoned (0 -> -3), spider-form, wereblooded, studying
Transmutations
A: tiny, (breathe steam), unfitting armour, AC +8
a: End Transformation, Minor Destruction, Lesser Servant of Makhleb, Major
Destruction, Renounce Religion


You were on level 12 of the Dungeon.
You worshipped Makhleb.
Makhleb was greatly pleased with you.
You were a venomous arachnid creature.
You visited 2 branches of the dungeon, and saw 13 of its levels.
You also visited: Gauntlet.

You collected 719 gold pieces.
You spent 72 gold pieces at shops.

Inventory:

Missiles
 b - 57 poisoned darts (quivered)
 f - 284 stones
 g - 16 boomerangs
Armour
 j - a +0 pair of gloves of archery
   (You found it in a Gauntlet)
 n - a +3 scale mail of magic resistance
   (You found it in a Gauntlet)
 s - a +0 pair of boots (melded)
   (You found it on level 3 of the Dungeon)
 z - a +0 pair of gloves (melded)
   (You found it on level 4 of the Dungeon)
 C - a +0 cloak (melded)
   (You found it on level 4 of the Dungeon)
Magical Staves
 h - an uncursed staff of cold (melded)
   (You found it in a Gauntlet)
 A - an uncursed staff of poison
   (You found it on level 4 of the Dungeon)
 H - an uncursed staff of air
   (You found it on level 7 of the Dungeon)
Jewellery
 e - an amulet of regeneration (around neck)
   (You found it in a Gauntlet)
 m - an uncursed ring of fire
   (You found it on level 1 of the Dungeon)
 o - an uncursed ring of protection from cold
   (You found it on level 1 of the Dungeon)
 y - a +4 ring of evasion (right front leg)
   (You found it on level 4 of the Dungeon)
 I - a ring of poison resistance (left front leg)
   (You found it on level 8 of the Dungeon)
Wands
 c - a wand of disintegration (8)
   (You took it off Ijyb on level 4 of the Dungeon)
 d - a wand of iceblast (6)
   (You found it on level 10 of the Dungeon)
 t - a wand of flame (10)
   (You found it on level 11 of the Dungeon)
 u - a wand of paralysis (3)
   (You found it in a Gauntlet)
 x - a wand of acid (7)
   (You found it in a Gauntlet)
Scrolls
 a - 12 scrolls of remove curse {@r2}
 k - 2 scrolls of fog
 p - 2 scrolls of summoning
 q - a scroll of fear
 w - 2 scrolls of enchant weapon
 B - 4 scrolls of enchant armour
 F - a scroll of identify {@r1}
 G - 2 scrolls of magic mapping
 J - a scroll of immolation {!r}
 K - a scroll of acquirement
 L - 7 scrolls of teleportation {@r4}
 M - a scroll of blinking
 N - a scroll of amnesia
Potions
 i - a potion of cancellation
 l - a potion of flight
 r - 4 potions of lignification {!q}
 D - a potion of stabbing
 E - a potion of heal wounds {@q2}
 P - 7 potions of curing {@q1}
Books
 v - a manual of Transmutations {!d}
   (You found it in a Gauntlet)
Miscellaneous
 Q - a phantom mirror
   (You found it on level 12 of the Dungeon)


   Skills:
 + Level 6.0 Fighting
 - Level 1.7 Dodging
 + Level 9.4 Unarmed Combat
 - Level 5.0 Spellcasting
 - Level 4.0 Conjurations
 * Level 12.8 Transmutations
 - Level 6.0 Ice Magic
 - Level 4.0 Air Magic
 - Level 5.4 Poison Magic
 + Level 5.1 Invocations


You had one spell level left.
You knew the following spells:

 Your Spells              Type           Power        Failure   Level
a - Beastly Appendage     Tmut           #####.       1%          1
b - Wereblood             Tmut           #####...     1%          2
c - Ice Form              Ice/Tmut       ####....     12%         4
d - Dragon Form           Tmut           #####.....   78%         7
f - Mephitic Cloud        Conj/Pois/Air  ###.....     21%         3
x - Spider Form           Tmut/Pois      ####......   5%          3

Your spell library contained the following spells:

 Spells                   Type           Power        Failure   Level
 Sting                    Tmut/Pois      ####         3%          1
 Foxfire                  Conj/Fire      #...         19%         1
 Blade Hands              Tmut           #####.....   9%          5
 Poisonous Vapours        Pois/Air       ###...       12%         2
 Ensorcelled Hibernation  Hex/Ice        ##....       19%         2
 Alistair's Intoxication  Tmut/Pois      ####.....    26%         5
 Petrify                  Tmut/Erth      ###.....     28%         4
 Hydra Form               Tmut           #####.....   30%         6
 Irradiate                Conj/Tmut      ####......   32%         5
 Conjure Flame            Conj/Fire      #.......     43%         3
 Cause Fear               Hex            #.........   95%         4
 Statue Form              Tmut/Erth      ###......    96%         6
 Fireball                 Conj/Fire      #.........   97%         5
 Freezing Cloud           Conj/Ice/Air   ###.......   99%         6


Dungeon Overview and Level Annotations

Branches:
Dungeon (12/15)            Temple (1/1) D:5            Lair (0/6) D:10
    Orc (0/2) D:11        Gauntlet (visited)

Altars:
Ashenzari
Cheibriados
Dithmenos
Elyvilon
Fedhas
Gozag
Hepliaklqana
Kikubaaqudgha
Makhleb
Nemelex Xobeh
Okawaru
Qazlal
Ru
Sif Muna
Trog
Uskayaw
Vehumet
Wu Jian
Xom
Yredelemnul
Zin
The Shining One

Shops:
D:11 ?

Annotations:
D:6 3 runed translucent doors, ANON1729's ghost, novice HOMo
D:12 Nessos


Innate Abilities, Weirdness & Mutations

((You can breathe blasts of scalding, opaque steam.))
((Your pale cyan-grey scales are hard. (AC +8)))
You cannot fit into any form of body armour.
((You are cold-blooded and may be slowed by cold attacks.))


Message History

Your uncursed staff of cold melds into your body.
Your +0 cloak melds into your body.
Your +0 pair of gloves melds into your body.
Your +0 pair of boots melds into your body.
The yak gores you.
You completely miss the yak. The yak completely misses you.
You pummel the yak!! You freeze the yak.
You kill the yak!
Makhleb accepts your kill.
You can now hurl Makhleb's greater destruction.
You feel better.
Your Fighting skill increases to level 6!
Nessos shoots an arrow.
The arrow hits you. The arrow melts you.
Okay, then.
Here: Nessos, wielding a +2 longbow of flaming, wearing a +0 ring mail and quivering 17 arrows (fast, unusually resistant)
The floor.
You warm up again.
Your uncursed staff of cold unmelds from your body.
Your +0 cloak unmelds from your body.
Your +0 pair of gloves unmelds from your body.
Your +0 pair of boots unmelds from your body.
You turn into a venomous arachnid creature.
Your uncursed staff of cold melds into your body.
Your +0 cloak melds into your body.
Your +0 pair of gloves melds into your body.
Your +0 pair of boots melds into your body.
Nessos stands on their hind legs for a moment.
Nessos blinks!
Okay, then.
Nessos shoots an arrow.
The arrow hits you! The arrow burns you.
You see here an arrow.
You hit Nessos.
Nessos blinks!
Nessos shoots an arrow.
The arrow completely misses you.
Nessos unwields a +2 longbow of flaming.
It stops flaming.
Nessos hits you! Nessos hits you.
Unknown command.
You hit Nessos.
You hiss as the wereblood boils in your veins!
Nessos closely misses you. Nessos hits you!
* * * LOW HITPOINT WARNING * * *
You bite Nessos! Nessos completely misses you. x2
You hit Nessos.
Nessos blinks!
Nessos wields a +2 longbow of flaming.
It bursts into flame!
Nessos shoots an arrow.
The arrow hits you!!
* * * LOW HITPOINT WARNING * * *
The arrow burns you!
You are poisoned.
* * * LOW HITPOINT WARNING * * *
You feel much better.
You feel sick.
Nessos shoots an arrow.
The arrow hits you!!
You die...

## #. #. #$ #.
####.###
###......########
.....c§s((†..(...
###.##.#.##.#####
############ #.#.#
# ...........#
#.#.# .........#.#
..#.#
.........#.####.#.#
.........#....#.#.#
........†####<#.#.#
.........# ### #.#


You could see Nessos (fast, resistant).

Vanquished Creatures
  A dire elephant (Gauntlet)
  3 two-headed ogres
  Pikel (D:5)
  An ugly thing (D:12)
  A cyclops (D:11)
  2 elephants (Gauntlet)
  A queen bee (Gauntlet)
  2 trolls
  2 hornets (D:10)
  3 hippogriffs
  A shadow (D:11)
  3 wyverns
  A vampire (D:12)
  A wraith (D:10)
  16 yaks
  A fire bat (Gauntlet)
  A human (D:5)
  Menkaure (D:4)
  2 wargs (D:10)
  Duvessa (D:7)
  5 orc warriors
  3 sky beasts
  2 phantoms
  An eye of draining (D:11)
  An ice beast (D:8)
  5 ogres
  7 centaurs
  2 lemures (D:5)
  A water moccasin zombie (D:9)
  5 bullfrogs
  3 scorpions
  Dowan (D:7)
  14 killer bees
  10 wights
  4 howler monkeys
  5 electric eels
  3 centaur zombies
  2 quasits
  A bullfrog skeleton (D:6)
  3 jellies
  7 hounds
  6 orc priests
  3 centaur skeletons
  An iguana (D:6)
  5 worker ants
  Ijyb (D:4)
  8 orc wizards
  A killer bee zombie (D:5)
  A hound skeleton (D:11)
  4 gnolls
  A howler monkey skeleton (D:8)
  A river rat (D:3)
  6 adders
  A shadow imp (D:8)
  2 white imps
  An ufetubus (D:10)
  An adder zombie (D:6)
  An adder skeleton (D:4)
  2 worms
  3 dart slugs
  6 leopard geckos
  31 orcs
  10 bats
  5 giant cockroaches
  9 goblins
  9 hobgoblins
  14 jackals
  14 kobolds
  3 quokkas
  5 frilled lizards
  A kobold skeleton (D:5)
  9 rats
295 creatures vanquished.

Vanquished Creatures (collateral kills)
  A hell hog (Gauntlet)
  A fire bat (Gauntlet)
  A hell hound (Gauntlet)
3 creatures vanquished.

Vanquished Creatures (others)
  14 demonic plants (Gauntlet)
  5 plants
19 creatures vanquished.

Grand Total: 317 creatures vanquished

Notes
Turn   | Place    | Note
-------+----------+-------------------------------------------
     0 | D:1      | CovertPenguin the Draconian Transmuter began the quest for
                  | the Orb.
     0 | D:1      | Reached XP level 1. HP: 16/16 MP: 3/3
    72 | D:1      | Reached XP level 2. HP: 20/23 MP: 3/5
   527 | D:1      | Reached XP level 3. HP: 25/28 MP: 4/6
   531 | D:1      | Learned a level 2 spell: Wereblood
   535 | D:1      | Learned a level 3 spell: Spider Form
   935 | D:2      | Reached skill level 3 in Transmutations
  1475 | D:2      | Reached skill level 1 in Poison Magic
  1603 | D:2      | Reached XP level 4. HP: 15/35 MP: 7/7
  2146 | D:3      | Found an ornate altar of the Wu Jian Council.
  2691 | D:3      | Reached XP level 5. HP: 21/40 MP: 7/9
  2836 | D:3      | Found a burning altar of Makhleb.
  2883 | D:3      | Became a worshipper of Makhleb the Destroyer
  2993 | D:3      | HP: 2/40 [leopard gecko (4)]
  3526 | D:4      | Learned a level 4 spell: Ice Form
  3538 | D:4      | Reached skill level 4 in Transmutations
  3571 | D:4      | Noticed an ogre
  3594 | D:4      | Killed an ogre
  3594 | D:4      | Reached skill level 1 in Ice Magic
  3594 | D:4      | Reached XP level 6. HP: 27/47 MP: 4/10
  3732 | D:4      | Noticed Ijyb
  3746 | D:4      | Killed Ijyb
  4097 | D:4      | Noticed Menkaure
  4110 | D:4      | Killed Menkaure
  4110 | D:4      | Your scales start taking on a pale cyan-grey colour.
  4110 | D:4      | Reached XP level 7. HP: 16/52 MP: 8/12
  4945 | D:5      | Entered Level 5 of the Dungeon
  5019 | D:5      | Found a staircase to the Ecumenical Temple.
  5030 | Temple   | Entered the Ecumenical Temple
  5428 | D:5      | Found a runed translucent door.
  5428 | D:5      | Noticed a human
  5440 | D:5      | Found a basalt altar of Yredelemnul.
  5455 | D:5      | Killed a human
  5455 | D:5      | Reached skill level 5 in Transmutations
  5845 | D:5      | Reached XP level 8. HP: 50/59 MP: 9/13
  5861 | D:5      | Upgraded the game from 0.26-a0-547-g695e311587 to
                  | 0.26-a0-576-gcfaa98f945
  6117 | D:5      | Noticed Pikel
  6151 | D:5      | Killed Pikel
  6151 | D:5      | Reached skill level 5 in Unarmed Combat
  6151 | D:5      | Reached skill level 6 in Transmutations
  6151 | D:5      | Reached skill level 5 in Poison Magic
  6790 | D:6      | Reached * piety under Makhleb
  7643 | D:6      | Got a pitted scimitar
  7663 | D:6      | Reached XP level 9. HP: 52/64 MP: 11/15
  7881 | D:6      | Found a runed translucent gate.
  7881 | D:6      | Found a runed translucent gate.
  7882 | D:6      | Found a runed translucent gate.
  7884 | D:6      | Noticed ANON1729's ghost (novice HOMo)
  8735 | D:7      | You fall into a shaft and drop 1 floor!
  8743 | D:8      | Reached skill level 7 in Transmutations
  8743 | D:8      | Reached skill level 5 in Ice Magic
  8827 | D:8      | Reached skill level 5 in Spellcasting
  8902 | D:8      | Reached ** piety under Makhleb
  8922 | D:8      | HP: 3/76 [poisoned by a killer bee]
  9566 | D:7      | Reached skill level 8 in Transmutations
  9594 | D:7      | Noticed Duvessa
  9596 | D:7      | Noticed Dowan
  9599 | D:7      | Killed Dowan
  9607 | D:7      | Killed Duvessa
 10665 | D:9      | Reached XP level 10. HP: 52/71 MP: 13/17
 10672 | D:9      | Reached skill level 9 in Transmutations
 11064 | D:9      | Learned a level 3 spell: Mephitic Cloud
 11603 | D:9      | Noticed a two-headed ogre
 11625 | D:9      | Killed a two-headed ogre
 11763 | D:10     | Entered Level 10 of the Dungeon
 11979 | D:10     | Reached skill level 10 in Transmutations
 12024 | D:10     | Reached *** piety under Makhleb
 12305 | D:10     | Reached skill level 1 in Conjurations
 12313 | D:10     | Paralysed by a hornet for 3 turns
 12861 | D:10     | Reached skill level 1 in Invocations
 12973 | D:10     | Noticed a two-headed ogre
 12977 | D:10     | Found a staircase to the Lair.
 13027 | D:10     | Killed a two-headed ogre
 13027 | D:10     | Reached XP level 11. HP: 33/82 MP: 15/18
 14371 | D:11     | Found Qackusk's Magic Scroll Shop.
 14375 | D:11     | Bought a scroll of identify for 24 gold pieces
 14375 | D:11     | Bought a scroll of identify for 24 gold pieces
 14375 | D:11     | Bought a scroll of identify for 24 gold pieces
 14376 | D:11     | Identified a scroll of acquirement
 14402 | D:11     | Found a gate leading to a gauntlet.
 14408 | Gauntlet | Entered a Gauntlet
 14408 | Gauntlet | Found a transporter.
 14408 | Gauntlet | Found a transporter.
 14425 | Gauntlet | Found a transporter.
 14428 | Gauntlet | Found a transporter.
 14428 | Gauntlet | Found a transporter.
 14428 | Gauntlet | Found a transporter.
 14435 | Gauntlet | Noticed a hell hog
 14442 | Gauntlet | Found a transporter.
 14450 | Gauntlet | Noticed a dire elephant
 14451 | Gauntlet | Noticed a necromancer
 14454 | Gauntlet | Found a transporter.
 14454 | Gauntlet | Noticed a death yak
 14454 | Gauntlet | Noticed a death yak
 14454 | Gauntlet | Noticed a death yak
 14454 | Gauntlet | Noticed a death yak
 14457 | Gauntlet | Found a transporter.
 14476 | Gauntlet | Found a transporter.
 14480 | Gauntlet | Found a transporter.
 14552 | Gauntlet | Found a transporter.
 14572 | Gauntlet | Noticed a death yak
 14672 | Gauntlet | Identified the +10 scimitar "Daadgh" {vorpal, rC+ Str+6
                  | Dex-5 Stlth+} (You found it on level 6 of the Dungeon)
 14935 | Gauntlet | Killed a hell hog
 15393 | Gauntlet | Killed a dire elephant
 15393 | Gauntlet | Reached skill level 11 in Transmutations
 15417 | Gauntlet | Learned a level 7 spell: Dragon Form
 15498 | Gauntlet | Noticed a minotaur
 15533 | Gauntlet | Identified the Reference Book on Enchanting Flames
 15541 | Gauntlet | Identified Qirijiur's Guide on Transmigration
 15639 | D:11     | Found a shimmering altar of Xom.
 15891 | D:11     | Reached skill level 5 in Fighting
 16371 | D:11     | Found a staircase to the Orcish Mines.
 16388 | D:11     | Reached skill level 12 in Transmutations
 16966 | D:12     | Noticed a cyan ugly thing
 16978 | D:12     | Killed a cyan ugly thing
 17128 | D:12     | Noticed a two-headed ogre
 17138 | D:12     | Killed a two-headed ogre
 17138 | D:12     | Reached XP level 12. HP: 90/95 MP: 15/19
 17193 | D:12     | Reached skill level 5 in Invocations
 17193 | D:12     | Noticed Nessos
 17204 | D:12     | Reached **** piety under Makhleb
 17212 | D:12     | Shot with an arrow by Nessos

Illustrated notes

Levels and vault maps discovered:
D:1:      giann_wishing_wells, layout_loops_ring, minmay_misc_feat_alley,
          hangedman_abyss_or_decor_lesser_grid
D:2:      wander_river, layout_basic, minmay_ruptured
D:3:      layout_rooms, old_standard_altar, gup_sewer_entry_bubbles,
          chequers_decorated_corner, makhleb_blood_cavern_becter
D:4:      layout_basic, uniq_menkaure, uniq_ijyb
D:5:      layout_loops_corners, minmay_temple_entry_wispy,
          dk_yredelemnul_ordeal, uniq_pikel
D:6:      corexii_shack_village, layout_basic, ebering_ghost_rock_garden
D:7:      layout_basic, chequers_big_river, uniq_duvessa
D:8:      layout_loops_ring
D:9:      layout_basic
D:10:     layout_rooms, erik_lair_orcish_takeover, minmay_misc_feat_plants
D:11:     layout_long_grid, erik_orc_2, gauntlet_entry_generic, serial_shops,
          nicolae_shop_crystal, xom_teletrap_fun
D:12:     layout_basic, uniq_nessos
Temple:   nicolae_temple_the_god_donut

Skill      XL: |  1  2  3  4  5  6  7  8  9 10 11 12 |
---------------+-------------------------------------+-----
Transmutations | 3 4 5 6 8 10 12 | 12.8
Poison Magic   | 1 2 3 4 5 |  5.4
Spellcasting   | 3 4 5 |  5.0
Ice Magic      | 1 2 3 4 6 |  6.0
Unarmed Combat | 4 5 7 8 9 |  9.4
Fighting       | 3 5 6 |  6.0
Air Magic      | 4 |  4.0
Conjurations   | 2 4 |  4.0
Invocations    | 1 4 5 |  5.1
Dodging        | |  1.7

Action                   |  1- 3 |  4- 6 |  7- 9 | 10-12 || total
-------------------------+-------+-------+-------+-------++-------
Melee: Unarmed           |   141 |   185 |   283 |   411 ||  1020
       Tailslap          |    16 |    12 |     8 |     3 ||    39
       Kick              |     4 |     9 |       |       ||    13
       Headbutt          |     3 |     8 |       |       ||    11
       Punch             |     3 |       |     2 |     1 ||     6
       Staff             |       |       |    83 |    24 ||   107
 Cast: Beastly Appendage |     6 |     7 |     2 |       ||    15
       Wereblood         |       |     3 |    16 |    13 ||    32
       Spider Form       |       |     5 |    30 |    27 ||    62
       Ice Form          |       |       |     2 |    19 ||    21
       Mephitic Cloud    |       |       |       |     1 ||     1
Invok: Minor Destruction |       |       |       |     8 ||     8
       Lesser Servant of |       |       |       |     2 ||     2
 Abil: Breathe Steam     |       |       |    11 |    19 ||    30
       End Transformatio |       |       |     1 |     1 ||     2
Evoke: Wand              |       |       |     1 |     5 ||     6
  Use: Scroll            |       |       |     7 |     8 ||    15
       Potion            |       |       |     2 |    19 ||    21
 Stab: Sleeping          |     2 |       |       |     9 ||    11
       Confused          |       |       |       |     1 ||     1
Armor: Skin              |    42 |    41 |    25 |    36 ||   144
Dodge: Dodged            |   101 |   134 |   311 |   414 ||   960

Table legend: (Time is in decaauts)
 A = Elapsed time spent in this place.
 B = Non-inter-level travel time spent in this place.
 C = Inter-level travel time spent in this place.
 D = Time resting spent in this place.
 E = Time spent auto-exploring this place.
 F = Levels seen in this place.
 G = Mean time per level.
                   A        B        C        D        E       F      G
               +--------+--------+--------+--------+--------+-----+--------+
         Total |  17173 |  16748 |    425 |   5930 |   7802 |  14 | 1226.6 |
       Dungeon |  15757 |  15355 |    402 |   5396 |   7402 |  12 | 1313.1 |
        Temple |    268 |    245 |     23 |      0 |    235 |   1 |  268.0 |
      Gauntlet |   1148 |   1148 |      0 |    534 |    165 |   1 | 1148.0 |
               +--------+--------+--------+--------+--------+-----+--------+

Top non-repeatable levels by time:
    D:10: 2458 daAuts
     D:5: 1849 daAuts
     D:4: 1586 daAuts
     D:9: 1455 daAuts
    D:11: 1373 daAuts
     D:2: 1358 daAuts
     D:3: 1312 daAuts
     D:7: 1284 daAuts
Gauntlet: 1148 daAuts
     D:8: 1110 daAuts
     D:6: 904 daAuts
     D:1: 817 daAuts
  Temple: 268 daAuts
    D:12: 246 daAuts
